TOP OF THE 1ST |
Hagerstown Suns batting - Pitching for Lakewood BlueClaws : RHP Joe Morse
|
Pitching: RHP Joe Morse
|
|
Batting: SHB Dan Castaneda
|
0-0: Ground out 4-3 (Groundball, 4, EV 92.5 MPH)
|
Batting: LHB Evan Oliveri
|
0-0: Ball 1-0: Ball 2-0: Called Strike 2-1: Foul Ball, location: 2F 2-2: Ground out 6-3 (Groundball, 6, EV 105.0 MPH)
|
Batting: LHB Nate Melendez
|
0-0: Ball 1-0: Ground out U3 (Groundball, 3, EV 90.6 MPH)
|
Top of the 1st over - 0 runs, 0 hits, 0 errors, 0 left on base; Hagerstown 0 - Lakewood 0 |
BOTTOM OF THE 1ST |
Lakewood BlueClaws batting - Pitching for Hagerstown Suns : LHP Sean Carr
|
Pitching: LHP Sean Carr
|
|
Batting: RHB Mark Schultz
|
0-0: Called Strike 0-1: Swinging Strike 0-2: Ball 1-2: Ball 2-2: DOUBLE (Line Drive, 89M, EV 100.6 MPH)
|
Batting: RHB Vaclav Been
|
0-0: Ball 1-0: 2-RUN HOME RUN (Flyball, 78XD, EV 106.9 MPH), Distance : 410 ft
|
Batting: RHB Victor Arroyo
|
0-0: Ball 1-0: Called Strike 1-1: Foul Ball, location: 2F 1-2: Strikes out swinging
|
Batting: RHB Roberto Ruiz
|
0-0: Ball 1-0: Ball 2-0: Ball 3-0: Called Strike 3-1: Foul Ball, location: 2F 3-2: Ground out 5-3 (Groundball, 56, EV 85.0 MPH)
|
Batting: RHB Carlos Morejon
|
0-0: Ball 1-0: Foul Ball, location: 2F 1-1: Swinging Strike 1-2: Ball 2-2: Foul Ball, location: 2F 2-2: Fly out, F9 (Flyball, 9D, EV 103.8 MPH)
|
Bottom of the 1st over - 2 runs, 2 hits, 0 errors, 0 left on base; Hagerstown 0 - Lakewood 2 |
TOP OF THE 2ND |
Hagerstown Suns batting - Pitching for Lakewood BlueClaws : RHP Joe Morse
|
Batting: RHB Slavik Nebrodov
|
0-0: Called Strike 0-1: Foul Ball, location: 2F 0-2: Ball 1-2: DOUBLE (Line Drive, 7LM, EV 104.4 MPH)
|
Batting: LHB Erik Beezley
|
0-0: Ground out 4-3 (Groundball, 4, EV 80.6 MPH) Slavik Nebrodov to third
|
Batting: RHB Jim Towle
|
0-0: Ball 1-0: Ball 2-0: Called Strike 2-1: Ground out 4-3 (Groundball, 4, EV 93.1 MPH) Slavik Nebrodov scores
|
Batting: RHB Jesus Malave
|
0-0: Called Strike 0-1: Ground out 5-3 (Groundball, 56S, EV 66.9 MPH)
|
Top of the 2nd over - 1 run, 1 hit, 0 errors, 0 left on base; Hagerstown 1 - Lakewood 2 |
BOTTOM OF THE 2ND |
Lakewood BlueClaws batting - Pitching for Hagerstown Suns : LHP Sean Carr
|
Batting: LHB Alex Fernandez
|
0-0: Called Strike 0-1: Foul Ball, location: 2F 0-2: Ball 1-2: Ball 2-2: DOUBLE (Groundball, 5L, EV 95.6 MPH)
|
Batting: RHB Pablo Lopez
|
0-0: Ball 1-0: Ball Wild Pitch! Alex Fernandez to third 2-0: SINGLE (Flyball, 89S, EV 99.4 MPH) Alex Fernandez scores
|
Batting: RHB Frank Shelton
|
0-0: Ball Wild Pitch! Pablo Lopez to second 1-0: DOUBLE (Line Drive, 7LM, EV 105.6 MPH) Pablo Lopez scores
|
Batting: SHB Brett St. Clair
|
0-0: Ball 1-0: Ground out U3 (Groundball, 34, EV 80.0 MPH) Frank Shelton to third
|
Batting: RHB Mark Schultz
|
0-0: Called Strike 0-1: Swinging Strike 0-2: Foul Ball, location: 2F 0-2: Strikes out looking
|
Batting: RHB Vaclav Been
|
0-0: Called Strike 0-1: Ball 1-1: Ball 2-1: SINGLE (Groundball, 6D, EV 95.6 MPH) Frank Shelton scores
|
Batting: RHB Victor Arroyo
|
0-0: Foul Ball, location: 2F 0-1: SINGLE (Line Drive, 7S, EV 104.4 MPH) Vaclav Been to second
|
Batting: RHB Roberto Ruiz
|
0-0: Ball 1-0: Fly out, F7 (Line Drive, 7, EV 89.4 MPH)
|
Bottom of the 2nd over - 3 runs, 5 hits, 0 errors, 2 left on base; Hagerstown 1 - Lakewood 5 |
TOP OF THE 3RD |
Hagerstown Suns batting - Pitching for Lakewood BlueClaws : RHP Joe Morse
|
Batting: RHB Naofumi Ishida
|
0-0: Called Strike 0-1: Fly out, F7 (Flyball, 7, EV 88.1 MPH)
|
Batting: RHB Victor Cintron
|
0-0: SINGLE (Line Drive, 89S, EV 94.4 MPH)
|
Batting: SHB Dan Castaneda
|
0-0: Ball 1-0: Ball 2-0: Foul Ball, location: 2F 2-1: Called Strike 2-2: Ball 3-2: Fly out, F9 (Flyball, 89S, EV 78.8 MPH)
|
Batting: LHB Evan Oliveri
|
0-0: Ball 1-0: Ball Victor Cintron steals 2nd base 2-0: Ball 3-0: Base on Balls
|
Batting: LHB Nate Melendez
|
0-0: Foul Ball, location: 2F 0-1: SINGLE (Line Drive, 34, EV 110.0 MPH) Victor Cintron to third Evan Oliveri to second Runner from 3rd tries for Home, throw by RF and OUT! 9-2
|
Top of the 3rd over - 0 runs, 2 hits, 0 errors, 2 left on base; Hagerstown 1 - Lakewood 5 |
BOTTOM OF THE 3RD |
Lakewood BlueClaws batting - Pitching for Hagerstown Suns : LHP Sean Carr
|
Batting: RHB Carlos Morejon
|
0-0: SINGLE (Groundball, 6D, EV 98.8 MPH)
|
Batting: LHB Alex Fernandez
|
0-0: Called Strike 0-1: Fielders Choice at 2nd, 1-6 (Groundball, P, EV 66.2 MPH)
|
Batting: RHB Pablo Lopez
|
0-0: Foul Ball, location: 2F 0-1: Ball 1-1: Ball 2-1: Swinging Strike 2-2: Strikes out swinging
|
Batting: RHB Frank Shelton
|
0-0: Called Strike 0-1: Ball 1-1: Ball 2-1: Called Strike 2-2: Strikes out swinging
|
Bottom of the 3rd over - 0 runs, 1 hit, 0 errors, 1 left on base; Hagerstown 1 - Lakewood 5 |
TOP OF THE 4TH |
Hagerstown Suns batting - Pitching for Lakewood BlueClaws : RHP Joe Morse
|
Batting: RHB Slavik Nebrodov
|
0-0: Swinging Strike 0-1: Called Strike 0-2: Ball 1-2: Ball 2-2: Foul Ball, location: 2F 2-2: Ball 3-2: Base on Balls
|
Batting: LHB Erik Beezley
|
0-0: Called Strike 0-1: Swinging Strike 0-2: Strikes out swinging
|
Batting: RHB Jim Towle
|
0-0: Ball 1-0: Ball 2-0: Called Strike 2-1: Ball 3-1: Foul Ball, location: 2F 3-2: Base on Balls Slavik Nebrodov to second
|
Batting: RHB Jesus Malave
|
0-0: Ball 1-0: Foul Ball, location: 2F 1-1: Reached on error, E6 (Groundball, 6, EV 105.0 MPH) Slavik Nebrodov to third Jim Towle to second
|
Batting: RHB Naofumi Ishida
|
0-0: Called Strike 0-1: Ball 1-1: GRAND SLAM HOME RUN (Flyball, 7D, EV 93.8 MPH), Distance : 346 ft
|
Pitching: RHP John Hughes
|
|
Batting: RHB Victor Cintron
|
0-0: Called Strike 0-1: Ball 1-1: Ground out 6-3 (Groundball, 6, EV 84.4 MPH)
|
Batting: SHB Dan Castaneda
|
0-0: Called Strike 0-1: Ground out 4-3 (Groundball, 4, EV 86.2 MPH)
|
Top of the 4th over - 4 runs, 1 hit, 1 error, 0 left on base; Hagerstown 5 - Lakewood 5 |
BOTTOM OF THE 4TH |
Lakewood BlueClaws batting - Pitching for Hagerstown Suns : LHP Sean Carr
|
Pitching: RHP Jonathan Arce
|
|
Batting: SHB Brett St. Clair
|
0-0: Called Strike 0-1: Ball 1-1: Ground out 4-3 (Groundball, 4, EV 82.5 MPH)
|
Batting: RHB Mark Schultz
|
0-0: Ball 1-0: Ball 2-0: Ball 3-0: Called Strike 3-1: Ground out 6-3 (Groundball, 6, EV 78.1 MPH)
|
Batting: RHB Vaclav Been
|
0-0: Called Strike 0-1: Ball 1-1: Ground out 5-3 (Groundball, 5, EV 101.2 MPH)
|
Bottom of the 4th over - 0 runs, 0 hits, 0 errors, 0 left on base; Hagerstown 5 - Lakewood 5 |
TOP OF THE 5TH |
Hagerstown Suns batting - Pitching for Lakewood BlueClaws : RHP John Hughes
|
Batting: LHB Evan Oliveri
|
0-0: Ball 1-0: Foul Ball, location: 2F 1-1: Foul Ball, location: 2F 1-2: Strikes out looking
|
Batting: LHB Nate Melendez
|
0-0: Called Strike 0-1: Called Strike 0-2: Ball 1-2: Ground out 4-3 (Groundball, 4M, EV 88.8 MPH)
|
Batting: RHB Slavik Nebrodov
|
0-0: Ball 1-0: Called Strike 1-1: Ball 2-1: Fly out, F9 (Flyball, 89S, EV 96.2 MPH)
|
Top of the 5th over - 0 runs, 0 hits, 0 errors, 0 left on base; Hagerstown 5 - Lakewood 5 |
BOTTOM OF THE 5TH |
Lakewood BlueClaws batting - Pitching for Hagerstown Suns : RHP Jonathan Arce
|
Batting: RHB Victor Arroyo
|
0-0: Foul Ball, location: 2F 0-1: Foul Ball, location: 2F 0-2: Foul Ball, location: 2F 0-2: SINGLE (Flyball, 8LS, EV 90.6 MPH)
|
Batting: RHB Roberto Ruiz
|
0-0: Called Strike 0-1: Foul Ball, location: 2F 0-2: Ball 1-2: Ball 2-2: Ball 3-2: Base on Balls Victor Arroyo to second
|
Batting: RHB Carlos Morejon
|
0-0: Called Strike 0-1: Ball 1-1: Fly out, F9 (Flyball, 89D, EV 87.5 MPH)
|
Batting: LHB Alex Fernandez
|
0-0: Ball 1-0: Foul Ball, location: 2F 1-1: Foul Ball, location: 2F 1-2: Foul Ball, location: 2F 1-2: Strikes out swinging
|
Batting: RHB Pablo Lopez
|
0-0: Ball 1-0: Ball 2-0: Ball 3-0: Called Strike 3-1: Called Strike 3-2: Foul Ball, location: 2F 3-2: Base on Balls Victor Arroyo to third Roberto Ruiz to second
|
Batting: RHB Frank Shelton
|
0-0: Fielders Choice at 2nd, 6-4 (Groundball, 6, EV 77.5 MPH)
|
Bottom of the 5th over - 0 runs, 1 hit, 0 errors, 3 left on base; Hagerstown 5 - Lakewood 5 |
TOP OF THE 6TH |
Hagerstown Suns batting - Pitching for Lakewood BlueClaws : RHP John Hughes
|
Batting: LHB Erik Beezley
|
0-0: Ball 1-0: Called Strike 1-1: Ball 2-1: Ball 3-1: Ground out 4-3 (Groundball, 4, EV 103.8 MPH)
|
Batting: RHB Jim Towle
|
0-0: Swinging Strike 0-1: Foul Ball, location: 2F 0-2: Ball 1-2: Ball 2-2: Ground out 5-3 (Groundball, 25, EV 80.6 MPH)
|
Batting: RHB Jesus Malave
|
0-0: Ground out 6-3 (Groundball, 6, EV 104.4 MPH)
|
Top of the 6th over - 0 runs, 0 hits, 0 errors, 0 left on base; Hagerstown 5 - Lakewood 5 |
BOTTOM OF THE 6TH |
Lakewood BlueClaws batting - Pitching for Hagerstown Suns : RHP Jonathan Arce
|
Batting: SHB Brett St. Clair
|
0-0: Ball 1-0: Ball 2-0: Called Strike 2-1: Foul Ball, location: 2F 2-2: Ground out 6-3 (Groundball, 4MS, EV 82.5 MPH)
|
Batting: RHB Mark Schultz
|
0-0: Called Strike 0-1: Ground out U3 (Groundball, 34, EV 98.1 MPH)
|
Batting: RHB Vaclav Been
|
0-0: Ball 1-0: Called Strike 1-1: SINGLE (Groundball, 6MD, EV 97.5 MPH)
|
Pitching: RHP Danny Hoekenga
|
|
Batting: RHB Victor Arroyo
|
0-0: Called Strike 0-1: Ball 1-1: Foul Ball, location: 2F 1-2: SINGLE (Groundball, 6D, EV 96.9 MPH) Vaclav Been to second
|
Batting: RHB Roberto Ruiz
|
0-0: Ball 1-0: Swinging Strike 1-1: Ball 2-1: Ball 3-1: Base on Balls Vaclav Been to third Victor Arroyo to second
|
Batting: RHB Carlos Morejon
|
0-0: Ball 1-0: DOUBLE (Line Drive, 9LM, EV 102.5 MPH) Vaclav Been scores Victor Arroyo scores Roberto Ruiz to third Runner from 3rd tries for Home, SAFE, throw by RF to trailing runner, SAFE at third!
|
Batting: LHB Alex Fernandez
|
0-0: Fly out, F7 (Flyball, 7S, EV 87.5 MPH)
|
Bottom of the 6th over - 3 runs, 3 hits, 0 errors, 1 left on base; Hagerstown 5 - Lakewood 8 |
TOP OF THE 7TH |
Hagerstown Suns batting - Pitching for Lakewood BlueClaws : RHP John Hughes
|
Batting: RHB Naofumi Ishida
|
0-0: Ball 1-0: Called Strike 1-1: Ball 2-1: Ball 3-1: Base on Balls
|
Batting: RHB Victor Cintron
|
0-0: Ball 1-0: Swinging Strike 1-1: Ball 2-1: Ball 3-1: Called Strike Naofumi Ishida steals 2nd base 3-2: Foul Ball, location: 2F 3-2: DOUBLE (Line Drive, 9LS, EV 108.8 MPH) Naofumi Ishida scores
|
Batting: SHB Dan Castaneda
|
0-0: Called Strike 0-1: Ball 1-1: Swinging Strike 1-2: Ball 2-2: Foul Ball, location: 2F 2-2: Strikes out swinging
|
Batting: LHB Evan Oliveri
|
0-0: Foul Ball, location: 2F 0-1: Fly out, F7 (Flyball, 78D, EV 98.1 MPH)
|
Batting: LHB Nate Melendez
|
0-0: Ball 1-0: Foul Ball, location: 2F 1-1: SINGLE (Groundball, 6MS, EV 70.0 MPH) (infield hit) Victor Cintron to third
|
Batting: RHB Slavik Nebrodov
|
0-0: Called Strike 0-1: Ball 1-1: Ball 2-1: DOUBLE (Line Drive, 9LM, EV 103.8 MPH) Victor Cintron scores Nate Melendez to third Runner from 3rd tries for Home, throw by RF and OUT! 9-4-2
|
Top of the 7th over - 2 runs, 3 hits, 0 errors, 1 left on base; Hagerstown 7 - Lakewood 8 |
BOTTOM OF THE 7TH |
Lakewood BlueClaws batting - Pitching for Hagerstown Suns : RHP Danny Hoekenga
|
Pitching: RHP Roy Walker
|
|
Batting: RHB Pablo Lopez
|
0-0: SINGLE (Line Drive, 8LS, EV 105.0 MPH)
|
Batting: RHB Frank Shelton
|
0-0: Ball Pablo Lopez steals 2nd base 1-0: Foul Ball, location: 2F 1-1: Ball 2-1: Reached on error, E5 (Groundball, 56, EV 84.4 MPH) Pablo Lopez scores
|
Batting: SHB Brett St. Clair
|
0-0: Ball 1-0: Foul Ball, location: 2F 1-1: Fly out, F7 (Flyball, 7LM, EV 90.6 MPH)
|
Batting: RHB Mark Schultz
|
0-0: Intentional Walk
|
Batting: RHB Vaclav Been
|
0-0: Foul Ball, location: 2F 0-1: Swinging Strike 0-2: Strikes out swinging
|
Batting: RHB Victor Arroyo
|
0-0: Foul Ball, location: 2F 0-1: Foul Ball, location: 2F 0-2: Foul Ball, location: 2F 0-2: SINGLE (Groundball, 6M, EV 105.6 MPH) (infield hit) Frank Shelton to third Mark Schultz to second
|
Batting: RHB Roberto Ruiz
|
0-0: Ball 1-0: Fly out, F9 (Flyball, 9LD, EV 92.5 MPH)
|
Bottom of the 7th over - 1 run, 2 hits, 1 error, 3 left on base; Hagerstown 7 - Lakewood 9 |
TOP OF THE 8TH |
Hagerstown Suns batting - Pitching for Lakewood BlueClaws : RHP John Hughes
|
Pitching: RHP Omar Pineda
|
|
Batting: LHB Erik Beezley
|
0-0: Fly out, F9 (Flyball, 89D, EV 91.9 MPH)
|
Batting: RHB Jim Towle
|
0-0: Called Strike 0-1: Swinging Strike 0-2: Foul Ball, location: 2F 0-2: Strikes out looking
|
Batting: RHB Jesus Malave
|
0-0: Foul Ball, location: 2F 0-1: Ball 1-1: Swinging Strike 1-2: Foul Ball, location: 2F 1-2: Ball 2-2: Ground out U3 (Groundball, 23, EV 90.0 MPH)
|
Top of the 8th over - 0 runs, 0 hits, 0 errors, 0 left on base; Hagerstown 7 - Lakewood 9 |
BOTTOM OF THE 8TH |
Lakewood BlueClaws batting - Pitching for Hagerstown Suns : RHP Roy Walker
|
Pitching: RHP Salvador Medina
|
|
Batting: RHB Carlos Morejon
|
0-0: DOUBLE (Flyball, 89D, EV 100.6 MPH)
|
Batting: LHB Alex Fernandez
|
0-0: Ball 1-0: Ground out 5-3 (Groundball, 5L, EV 85.0 MPH)
|
Batting: RHB Pablo Lopez
|
0-0: Ball 1-0: Fly out, F7 (Flyball, 78S, EV 90.6 MPH)
|
Batting: RHB Frank Shelton
|
0-0: Ball 1-0: Ball 2-0: Called Strike 2-1: Foul Ball, location: 2F 2-2: Ball 3-2: Base on Balls
|
Batting: SHB Brett St. Clair
|
0-0: Called Strike 0-1: Called Strike 0-2: DOUBLE (Line Drive, 9LM, EV 106.2 MPH) Carlos Morejon scores Frank Shelton to third Runner from 3rd tries for Home, SAFE, throw by RF to home
|
Batting: RHB Mark Schultz
|
0-0: Ball 1-0: Called Strike 1-1: Ball 2-1: SINGLE (Groundball, 6MD, EV 101.9 MPH) Brett St. Clair to third Runner from 3rd tries for Home, throw by CF and OUT! 8-2
|
Bottom of the 8th over - 2 runs, 3 hits, 0 errors, 1 left on base; Hagerstown 7 - Lakewood 11 |
TOP OF THE 9TH |
Hagerstown Suns batting - Pitching for Lakewood BlueClaws : RHP Omar Pineda
|
Batting: RHB Naofumi Ishida
|
0-0: Ball 1-0: Foul Ball, location: 2F 1-1: Ball 2-1: Swinging Strike 2-2: Ground out U3 (Groundball, 34S, EV 78.1 MPH)
|
Batting: RHB Victor Cintron
|
0-0: Ball 1-0: Swinging Strike 1-1: Swinging Strike 1-2: Strikes out swinging
|
Batting: SHB Dan Castaneda
|
0-0: Called Strike 0-1: Foul Ball, location: 2F 0-2: Strikes out looking
|
Top of the 9th over - 0 runs, 0 hits, 0 errors, 0 left on base; Hagerstown 7 - Lakewood 11 |
|